 Dungeon Crawl Stone Soup version 0.24.0-28-g17ded55e90 (webtiles) character file.

Game seed: 3865590826563462620, levelgen mode: deterministic

345248 PainCeiling the Warrior (level 21, -1/273 HPs)
             Began as a Demonspawn Fighter on Nov 10, 2019.
             Was the Champion of Okawaru.
             Slain by an air elemental (3 damage)
             ... summoned by Sojobo
             ... on level 15 of the Dungeon on Nov 12, 2019.
             The game lasted 03:54:27 (47191 turns).

PainCeiling the Warrior (Demonspawn Fighter)       Turns: 47191, Time: 03:54:28

Health: -1/273     AC: 30    Str: 29    XL:     21   Next: 16%
Magic:  25/25      EV:  7    Int: 14    God:    Okawaru [******]
Gold:   4272       SH: 17    Dex: 12    Spells: 20/20 levels left

rFire    . . .     SeeInvis .   b - +8 demon trident (elec)
rCold    + . .     Gourm    .   g - +2 shield
rNeg     + . .     Faith    +   t - +1 crystal plate armour of the Komtur {+Blink rN+ Int+4 Dex-3}
rPois    +         Spirit   .   (helmet unavailable)
rElec    .         Reflect  .   i - scarf {repulsion}
rCorr    +         Harm     .   C - +2 pair of gloves of Koosim {rC+}
MR       +....                  (boots unavailable)
Stlth    ..........             F - amulet of faith
HPRegen  0.55/turn              n - ring of poison resistance
MPRegen  0.19/turn              Z - ring of resist corrosion

@: berserking, flying (expiring), repel missiles, very quick
A: claws 2, hooves 3, horns 3, foul stench 2, powered by death 3, rot immunity
}: 2/15 runes: decaying, gossamer
a: Heroism, Finesse, Renounce Religion, Evoke Blink


You were on level 15 of the Dungeon.
You worshipped Okawaru.
Okawaru was exalted by your worship.
You were hungry.

You visited 8 branches of the dungeon, and saw 38 of its levels.
You also visited: Sewer, Ice Cave and Volcano.

You collected 4792 gold pieces.
You spent 520 gold pieces at shops.

Inventory:

Hand Weapons
 a - the +10 hand axe of Valuable Assets {venom, MP+9 Dex+4}
   (You found it on level 12 of the Dungeon)

   It poisons the flesh of those it strikes.
   It affects your dexterity (+4).
   It affects your magic capacity (+9).
 b - a +8 demon trident of electrocution (weapon)
 B - the +7 lajatang of Order {silver, rMut}
   (You found it on level 13 of the Dungeon)

   It protects you from mutation.
Missiles
 l - 8 curare-tipped darts (quivered)
Armour
 g - a +2 shield (worn)
 i - a scarf of repulsion (worn)
 t - the +1 crystal plate armour of the Komtur (worn) {+Blink rN+ Int+4 Dex-3}
   (Okawaru gifted it to you on level 4 of the Vaults)

   It affects your intelligence (+4).
   It affects your dexterity (-3).
   It protects you from negative energy.
   It lets you blink.
 w - a +1 cloak of poison resistance
 C - the +2 pair of gloves of Koosim (worn) {rC+}
   (You found it on level 7 of the Dungeon)

   It protects you from cold.
 Y - a +0 crystal plate armour
Jewellery
 c - an uncursed ring of wizardry
 e - an uncursed ring of magical power
 n - a ring of poison resistance (left hand)
 s - an uncursed amulet of the gourmand {unknown}
 y - the ring of Pacw {Ice rElec Str-4 Int+8}
   (You took it off a necromancer in an ice cave)

   [ring of ice]

   It enhances your ice magic.
   It affects your strength (-4).
   It affects your intelligence (+8).
   It makes you vulnerable to fire.
   It protects you from cold.
   It insulates you from electricity.
 F - an amulet of faith (around neck)
 G - an uncursed ring of positive energy
 X - an uncursed ring of flight
 Z - a ring of resist corrosion (right hand)
Wands
 q - a wand of digging (27)
 H - a wand of clouds (11)
 I - a wand of acid (18)
 K - a wand of disintegration (13)
 P - a wand of enslavement (19)
 Q - a wand of flame (111)
 T - a wand of iceblast (38)
 W - a wand of scattershot (6)
Scrolls
 d - 2 scrolls of fog
 m - 9 scrolls of identify
 p - 12 scrolls of teleportation
 u - 7 scrolls of immolation
 x - 3 scrolls of magic mapping
 z - a scroll of enchant weapon
 A - 11 scrolls of enchant armour
 E - 16 scrolls of remove curse
 J - 3 scrolls of fear
 M - 2 scrolls of torment
 N - 2 scrolls of summoning
 V - 4 scrolls of silence
Potions
 j - 7 potions of invisibility
 k - 12 potions of curing
 o - 9 potions of mutation
 v - 4 potions of cancellation
 D - 2 potions of resistance
 L - a potion of agility
 R - 2 potions of might
 S - 3 potions of haste
 U - a potion of berserk rage
Comestibles
 f - 60 rations


   Skills:
 + Level 19.9 Fighting
 - Level 11.9(14.0) Axes
 - Level 12.5(14.3) Polearms
 + Level 18.9 Armour
 + Level 1.0 Dodging
 - Level 15.0 Shields
 - Level 6.1 Invocations
 - Level 6.0 Evocations


You had 20 spell levels left.
You didn't know any spells.
Your spell library contained the following spells:

 Spells                   Type           Power        Failure   Level  Hunger
 Animate Skeleton         Necr           N/A          98%         1    ##.....
 Apportation              Tloc           #.....       98%         1    ##.....
 Confusing Touch          Hex            #.....       98%         1    ##.....
 Flame Tongue             Conj/Fire      #....        98%         1    ##.....
 Freeze                   Ice            #...         98%         1    ##.....
 Infusion                 Chrm           #...         98%         1    ##.....
 Magic Dart               Conj           #...         98%         1    ##.....
 Shock                    Conj/Air       #...         98%         1    ##.....
 Sting                    Conj/Pois      #...         98%         1    ##.....
 Summon Butterflies       Summ           #.......     98%         1    ##.....
 Summon Small Mammal      Summ           #...         98%         1    ##.....
 Blink                    Tloc           N/A          99%         2    ###....
 Call Imp                 Summ           #.......     99%         2    ###....
 Corpse Rot               Necr           N/A          99%         2    ###....
 Poisonous Vapours        Pois/Air       #.....       99%         2    ###....
 Shroud of Golubria       Chrm/Tloc      #.....       99%         2    ###....
 Slow                     Hex            #.......     99%         2    ###....
 Song of Slaying          Chrm           #.......     99%         2    ###....
 Sublimation of Blood     Necr           #.........   99%         2    ###....
 Swiftness                Chrm/Air       #.......     99%         2    ###....
 Throw Flame              Conj/Fire      #.....       99%         2    ###....
 Throw Frost              Conj/Ice       #.....       99%         2    ###....
 Conjure Flame            Conj/Fire      #.......     100%        3    ####...
 Ignite Poison            Fire/Tmut/Pois #.......     100%        3    ####...
 Inner Flame              Hex/Fire       #.......     100%        3    ####...
 Lesser Beckoning         Tloc           #.........   100%        3    ####...
 Mephitic Cloud           Conj/Pois/Air  #.......     100%        3    ####...
 Ozocubu's Armour         Chrm/Ice       #.......     100%        3    ####...
 Recall                   Summ/Tloc      N/A          100%        3    ####...
 Regeneration             Chrm/Necr      #.........   100%        3    ####...
 Spectral Weapon          Hex/Chrm       #.......     100%        3    ####...
 Static Discharge         Conj/Air       #.......     100%        3    ####...
 Tukima's Dance           Hex            #.......     100%        3    ####...
 Airstrike                Air            #.........   100%        4    #####..
 Animate Dead             Necr           N/A          100%        4    #####..
 Cause Fear               Hex            #.........   100%        4    #####..
 Ice Form                 Ice/Tmut       #.......     100%        4    #####..
 Olgreb's Toxic Radiance  Pois           #.......     100%        4    #####..
 Petrify                  Tmut/Erth      #.......     100%        4    #####..
 Sticky Flame             Conj/Fire      #.......     100%        4    #####..
 Summon Ice Beast         Ice/Summ       #.......     100%        4    #####..
 Throw Icicle             Conj/Ice       #.......     100%        4    #####..
 Agony                    Necr           #.......     100%        5    ######.
 Alistair's Intoxication  Tmut/Pois      #.......     100%        5    ######.
 Aura of Abjuration       Summ           #.........   100%        5    ######.
 Bolt of Draining         Conj/Necr      #.........   100%        5    ######.
 Bolt of Magma            Conj/Fire/Erth #.........   100%        5    ######.
 Borgnjor's Vile Clutch   Necr/Erth      #.........   100%        5    ######.
 Dispel Undead            Necr           #.......     100%        5    ######.
 Excruciating Wounds      Chrm/Necr      #.........   100%        5    ######.
 Fireball                 Conj/Fire      #.........   100%        5    ######.
 Irradiate                Conj/Tmut      #.........   100%        5    ######.
 Iskenderun's Battlesphe  Conj/Chrm      #.......     100%        5    ######.
 Lightning Bolt           Conj/Air       #.........   100%        5    ######.
 Metabolic Englaciation   Hex/Ice        #.........   100%        5    ######.
 Silence                  Hex/Air        #.........   100%        5    ######.
 Summon Demon             Summ           #.........   100%        5    ######.
 Summon Forest            Summ/Tloc      #.........   100%        5    ######.
 Summon Mana Viper        Hex/Summ       #.......     100%        5    ######.
 Venom Bolt               Conj/Pois      #.........   100%        5    ######.
 Yara's Violent Unravell  Hex/Tmut       #.........   100%        5    ######.
 Bolt of Cold             Conj/Ice       #.........   100%        6    #######
 Bolt of Fire             Conj/Fire      #.........   100%        6    #######
 Death Channel            Necr           #.........   100%        6    #######
 Deflect Missiles         Chrm/Air       #.........   100%        6    #######
 Freezing Cloud           Conj/Ice/Air   #.........   100%        6    #######
 Invisibility             Hex            #.......     100%        6    #######
 Iron Shot                Conj/Erth      #.........   100%        6    #######
 Ozocubu's Refrigeration  Ice            #.........   100%        6    #######
 Shadow Creatures         Summ           N/A          100%        6    #######
 Simulacrum               Ice/Necr       #.........   100%        6    #######
 Malign Gateway           Summ/Tloc      #.........   100%        7    #######
 Orb of Destruction       Conj           #.........   100%        7    #######
 Ring of Flames           Chrm/Fire      #.........   100%        7    #######
 Spellforged Servitor     Conj/Summ      #.........   100%        7    #######
 Discord                  Hex            #.........   100%        8    #######
 Ignition                 Fire           #.........   100%        8    #######


Dungeon Overview and Level Annotations

Branches:
Dungeon (15/15)            Temple (1/1) D:6            Lair (6/6) D:9
  Swamp (4/4) Lair:4       Spider (4/4) Lair:4        Slime (0/5) Lair:5
    Orc (2/2) D:12            Elf (0/3) Orc:2        Vaults (5/5) D:14
  Crypt (0/3) Vaults:2     Depths (1/5) D:15          Sewer (visited)
  IceCv (visited)         Volcano (visited)

Altars:
Ashenzari
Cheibriados
Dithmenos
Elyvilon
Fedhas
Gozag
Hepliaklqana
Kikubaaqudgha
Makhleb
Nemelex Xobeh
Okawaru
Qazlal
Ru
Sif Muna
Trog
Uskayaw
Vehumet
Wu Jian
Xom
Yredelemnul
Zin
The Shining One
Beogh
Jiyva

Shops:
D:8 (*   D:12 [   Orc:2 (([[   Vaults:1 :   Vaults:3 :

Portals:
Trove: D:11 (show slimy rune of Zot)

Annotations:
D:15 Sojobo
Lair:2 3 runed translucent doors, Haraddelas's ghost, journeyman OpTm; Zoobame's ghost, journeyman DEWz
Lair:3 2 transporters, exclusion: 3 oklob plants, zkyp's ghost, journeyman DgAr
Swamp:2 1 runed translucent door, Flugslaktarn's ghost, journeyman DDFi
Vaults:1 3 runed translucent doors, Flugslaktarn's ghost, adept DDFi


Innate Abilities, Weirdness & Mutations

You have very sharp fingernails.
You have hooves in place of feet.
You have a pair of large horns on your head.
You frequently emit foul miasma when damaged in melee.
You regenerate a lot of health from kills.
You are immune to rotting.


Message History

You are engulfed in raging winds.
You miss Sojobo.
Sojobo is severely wounded.
You are engulfed in raging winds.
* * * LOW HITPOINT WARNING * * *
The air elemental hits you but does no damage. x2
You barely miss Sojobo. You kick Sojobo!! Your headbutt misses Sojobo.
Sojobo is almost dead.
You are engulfed in raging winds.
You block the air elemental's attack.
Sojobo hits you with a +0 great sword of electrocution!
* * * LOW HITPOINT WARNING * * *
You block Sojobo's attack. Sojobo closely misses you.
The air elemental hits you but does no damage.
You puncture Sojobo! Your headbutt misses Sojobo.
Sojobo is almost dead.
You are engulfed in raging winds.
* * * LOW HITPOINT WARNING * * *
The winds around the air elemental start to calm down.
The air elemental hits you.
You die...

.#######...............#.##.##..(
.........###..§..#.###.#.###.##†#
########.# #..####.# #...##.#.##(
#.# #..# #.# #...#####.#( #)#
#..# #.###...# #.#.# ##.# #§§#
#.......# ####.
#####..###§§####.......# ##
##..P..^§§§§§EEQ##......#####
##........)§§.##@#####.......#
#.......8§§§§§§.E#####.......#
#..P......§§§§§§§§...[...#.#.#
#...........§8##§######.##.#.#
#......P....8§##§# #.##.#.#
.......>.P.....#.# #.##.#.#
.8......8........# #.##.#.#
........88....##.# #....#.####
†.88.....8...8##.# ####.......


You could see Sojobo and 3 air elementals.

Vanquished Creatures
  Margery (Vaults:4)
  Jory (Vaults:3)
  A lich (Vaults:4)
  A tentacled monstrosity (Swamp:2)
  Asterion (Vaults:2)
  Rupert (Lair:5)
  A sphinx (Vaults:3)
  A storm dragon (Vaults:4)
  Donald (Spider:1)
  2 thorn hunters (Swamp:4)
  A tengu reaver (Vaults:4)
  Kirke (Lair:5)
  A fire giant (Vaults:4)
  2 frost giants
  Aizul (Spider:1)
  7 vault wardens
  4 ghost moths
  7 emperor scorpions
  A curse skull (Vaults:2)
  2 orc warlords
  12 ironheart preservers
  6 stone giants
  6 very ugly things
  6 entropy weavers
  A vampire knight (Vaults:2)
  A deep elf demonologist (Vaults:3)
  Azrael (D:13)
  A deep elf annihilator (Vaults:3)
  3 spark wasps (Spider:4)
  An eidolon (Vaults:1)
  Snorg (D:14)
  A deep elf death mage (Vaults:3)
  An ettin (Vaults:4)
  4 fire dragons
  5 ogre magi
  4 great orbs of eyes
  11 yaktaur captains
  13 vault guards
  An ice dragon (Vaults:3)
  A ghost crab (Swamp:3)
  30 hydras
  Erica (D:8)
  A catoblepas (D:15)
  2 shambling mangroves
  7 centaur warriors
  A death knight (D:14)
  8 death scarabs (Spider:4)
  16 alligators
  16 two-headed ogres
  2 deep troll shamans
  3 orc high priests
  Urug (Lair:3)
  A spriggan berserker (Swamp:4)
  5 hell knights (Vaults:4)
  3 deep elf knights
  3 shadow wraiths
  7 skeletal warriors
  10 deep trolls
  2 flayed ghosts
  A spectral emperor scorpion (Spider:4)
  3 phantasmal warriors
  2 glowing orange brains
  2 spriggan druids
  4 unseen horrors
  A harpy (Vaults:1)
  A wolf spider zombie (Spider:4)
  5 spectral wolf spiders (Spider:4)
  An unseen horror (shapeshifter) (Vaults:1)
  An orange crystal statue (Spider:2)
  4 wizards
  3 deep elf archers
  7 swamp dragons
  14 ironbrand convokers
  2 necromancers
  22 orb spiders
  6 orc sorcerers
  13 orc knights
  5 deep elf magi
  23 ugly things
  41 wolf spiders
  An iron dragon zombie (D:15)
  12 cyclopes
  3 moths of wrath
  6 manticores
  A guardian serpent (shapeshifter) (Vaults:3)
  12 elephants
  11 vault sentinels
  A centaur zombie (D:13)
  A toenail golem (Volcano)
  A black mamba (shapeshifter) (Vaults:3)
  A naga mage (Vaults:4)
  10 black mambas
  An ice statue (IceCv)
  A guardian serpent (Lair:6)
  A molten gargoyle (Volcano)
  2 gargoyles (D:15)
  A stone giant skeleton (D:15)
  A yaktaur zombie (D:15)
  19 spiny frogs
  2 rime drakes (shapeshifter)
  3 kobold demonologists (D:12)
  4 spectral redbacks (Spider:4)
  7 komodo dragons
  2 redback zombies (Spider:4)
  17 demonic crawlers
  12 freezing wraiths
  45 yaktaurs
  6 rime drakes
  A yaktaur skeleton (D:15)
  2 efreet (D:12)
  A queen bee (shapeshifter) (Vaults:4)
  4 tengu conjurers
  A wolf spider simulacrum (IceCv)
  23 hornets
  8 trolls
  A hornet (shapeshifter) (D:13)
  7 tyrant leeches
  A polar bear (shapeshifter) (Vaults:2)
  46 jumping spiders
  2 spectral jumping spiders (Spider:4)
  A spectral tarantella (Spider:4)
  Prince Ribbit (D:8)
  A jumping spider zombie (Spider:4)
  2 tarantella zombies (Spider:4)
  A hippogriff (shapeshifter) (Vaults:4)
  A polar bear (Lair:5)
  11 bog bodies
  2 meliai zombies
  18 blink frogs
  32 slime creatures
  2 human simulacra (Vaults:1)
  16 hippogriffs
  Sigmund (D:6)
  100 redbacks
  3 shadows
  41 tarantellas
  3 vampires
  6 wraiths
  10 spriggans
  A tarantella (shapeshifter) (Vaults:2)
  36 yaks
  7 hogs (Lair:5)
  7 humans (D:14)
  Eustachio (D:6)
  Grum (D:10)
  11 wyverns
  A human (shapeshifter) (D:13)
  7 fire elementals
  2 death yak simulacra (IceCv)
  8 basilisks
  A hungry ghost (D:14)
  28 vampire mosquitoes
  5 wargs
  Edmund (D:6)
  9 swamp worms
  4 soldier ants
  17 insubstantial wisps
  24 water moccasins
  5 acid dragons
  Duvessa (D:6)
  11 porcupines
  2 hell hounds (D:13)
  3 spectral hornets (Spider:4)
  13 swamp drakes
  52 orc warriors
  19 ice beasts
  2 phantoms
  2 black bears (shapeshifter)
  3 black bears
  2 necrophages
  8 boggarts (Vaults:1)
  4 sky beasts
  15 wolves
  26 ogres
  17 centaurs
  8 crocodiles
  5 big kobolds
  9 earth elementals
  17 bullfrogs
  A wyvern zombie (D:14)
  Dowan (D:6)
  A gnoll sergeant (D:7)
  A water moccasin zombie (D:5)
  8 scorpions
  14 killer bees
  8 wights (D:8)
  4 electric eels
  5 howler monkeys
  8 crimson imps
  7 draconian simulacra (IceCv)
  A quasit (D:9)
  Crazy Yiuf (D:6)
  6 hounds
  5 centaur skeletons
  4 bullfrog skeletons
  A jelly (D:7)
  22 orc priests
  Terence (D:2)
  8 iguanas
  38 orc wizards
  2 troll simulacra (IceCv)
  4 spriggan simulacra (IceCv)
  12 worker ants
  A wolf simulacrum (IceCv)
  6 centaur simulacra
  Robin (D:2)
  A worker ant zombie (D:9)
  A howler monkey skeleton (D:9)
  8 gnolls
  11 adders
  2 naga simulacra (IceCv)
  3 shadow imps
  12 white imps (IceCv)
  An adder skeleton (D:9)
  5 worms
  5 leopard geckos
  126 orcs
  3 ball pythons
  11 bats
  10 giant cockroaches
  12 goblins
  7 hobgoblins
  18 jackals
  15 kobolds
  4 quokkas
  A ball python skeleton (D:4)
  6 frilled lizards
  2 gnoll zombies (D:4)
  A leopard gecko zombie (D:5)
  A quokka skeleton (D:4)
  2 quokka zombies (D:7)
  8 rats
  A briar patch (Swamp:4)
  2 plants
1776 creatures vanquished.

Vanquished Creatures (collateral kills)
  An efreet (Volcano)
1 creature vanquished.

Vanquished Creatures (others)
  A two-headed ogre (Vaults:1)
  A hydra (Swamp:2)
  A deep elf knight (Vaults:1)
  2 deep trolls (D:15)
  A deep elf mage (Vaults:3)
  A demonic crawler (Spider:4)
  A jumping spider (Spider:1)
  2 redbacks
  A swamp drake (Swamp:3)
  A jelly (D:12)
  An orc priest (Orc:2)
  An orc wizard (D:8)
  A jackal (D:8)
  A briar patch (Swamp:4)
  12 fungi
  18 plants
  A withered plant (D:15)
47 creatures vanquished.

Grand Total: 1824 creatures vanquished

Notes
Turn   | Place    | Note
-------+----------+-------------------------------------------
     0 | D:1      | PainCeiling the Demonspawn Fighter began the quest for the
                  | Orb.
     0 | D:1      | Reached XP level 1. HP: 18/18 MP: 1/1
   242 | D:1      | Gained mutation: You are immune to rotting. [demonic
                  | ancestry]
   242 | D:1      | Reached XP level 2. HP: 24/24 MP: 2/2
   768 | D:2      | Noticed Terence
   785 | D:2      | Killed Terence
   785 | D:2      | Gained mutation: You regenerate a little health from kills.
                  | [demonic ancestry]
   785 | D:2      | Reached XP level 3. HP: 18/29 MP: 3/3
   956 | D:2      | Noticed Robin
   981 | D:2      | Killed Robin
   981 | D:2      | Gained mutation: You have a pair of small horns on your
                  | head. [demonic ancestry]
   981 | D:2      | Reached XP level 4. HP: 7/35 MP: 4/4
  1251 | D:2      | Found an ornate altar of the Wu Jian Council.
  1318 | D:2      | Found a hazy altar of Hepliaklqana.
  2331 | D:3      | Found a shattered altar of Ashenzari.
  2345 | D:3      | Found a glowing drain.
  2354 | Sewer    | Entered a sewer
  2685 | D:3      | Reached XP level 5. HP: 33/42 MP: 5/5
  3152 | D:4      | Reached skill level 4 in Fighting
  3300 | D:4      | Gained mutation: You regenerate health from kills. [demonic
                  | ancestry]
  3300 | D:4      | Reached XP level 6. HP: 30/48 MP: 6/6
  3592 | D:4      | Found a basalt altar of Yredelemnul.
  4063 | D:5      | Entered Level 5 of the Dungeon
  4097 | D:5      | Noticed a two-headed ogre
  4487 | D:5      | Gained mutation: You regenerate a lot of health from kills.
                  | [demonic ancestry]
  4487 | D:5      | Reached XP level 7. HP: 55/55 MP: 7/7
  4668 | D:5      | Reached skill level 5 in Fighting
  5063 | D:6      | Noticed Eustachio
  5078 | D:6      | Killed Eustachio
  5078 | D:6      | Reached skill level 5 in Shields
  5247 | D:6      | Gained mutation: You have large cloven feet. [demonic
                  | ancestry]
  5247 | D:6      | Reached XP level 8. HP: 63/63 MP: 8/8
  5292 | D:6      | Found a runed translucent door.
  5293 | D:6      | Noticed Crazy Yiuf
  5303 | D:6      | Killed Crazy Yiuf
  5303 | D:6      | Reached skill level 5 in Armour
  5341 | D:6      | Noticed a hippogriff
  5348 | D:6      | Killed a hippogriff
  5415 | D:6      | Noticed a hippogriff
  5430 | D:6      | Killed a hippogriff
  5430 | D:6      | Reached skill level 6 in Fighting
  5430 | D:6      | Reached skill level 5 in Polearms
  5433 | D:6      | Noticed Duvessa
  5443 | D:6      | Noticed Dowan
  5464 | D:6      | Killed Duvessa
  5503 | D:6      | Killed Dowan
  5551 | D:6      | Found a staircase to the Ecumenical Temple.
  5560 | Temple   | Entered the Ecumenical Temple
  5568 | Temple   | Became a worshipper of Warmaster Okawaru
  5668 | D:6      | Gained mutation: You have a pair of horns on your head.
                  | [demonic ancestry]
  5668 | D:6      | Reached XP level 9. HP: 69/71 MP: 9/9
  5746 | D:6      | Noticed Edmund
  5781 | D:6      | Killed Edmund
  5940 | D:6      | Noticed Sigmund
  5954 | D:6      | Killed Sigmund
  6585 | D:7      | Reached skill level 7 in Fighting
  7021 | D:7      | Reached * piety under Okawaru
  7429 | D:7      | Got a pair of bloodstained gloves
  7435 | D:7      | Identified the +2 pair of gloves of Koosim {rC+} (You found
                  | it on level 7 of the Dungeon)
  7684 | D:8      | Found Butanur's Weapon Shoppe.
  7726 | D:8      | Noticed Prince Ribbit
  7755 | D:8      | Killed Prince Ribbit
  7951 | D:8      | Reached ** piety under Okawaru
  7959 | D:8      | Found Yzxacumn's General Store.
  7966 | D:8      | Bought an uncursed amulet of faith for 520 gold pieces
  8049 | D:8      | Gained mutation: You have hoof-like feet. [demonic
                  | ancestry]
  8049 | D:8      | Reached XP level 10. HP: 38/80 MP: 10/10
  8079 | D:8      | Noticed Erica
  8110 | D:8      | Killed Erica
  8110 | D:8      | Reached *** piety under Okawaru
  8110 | D:8      | Reached skill level 8 in Fighting
  8205 | D:8      | Found an ancient bone altar of Kikubaaqudgha.
  8225 | D:8      | Found a stormy altar of Qazlal.
  9055 | D:9      | Reached **** piety under Okawaru
  9084 | D:9      | Noticed a two-headed ogre
  9107 | D:9      | Killed a two-headed ogre
  9107 | D:9      | Received a gift from Okawaru
  9135 | D:9      | Reached skill level 9 in Fighting
  9310 | D:9      | Reached ***** piety under Okawaru
  9350 | D:9      | Found a staircase to the Lair.
  9469 | D:9      | Found a radiant altar of Vehumet.
  9702 | Lair:1   | Entered Level 1 of the Lair of Beasts
  9841 | Lair:1   | Reached skill level 1 in Invocations
  9896 | Lair:1   | Gained mutation: You may emit foul miasma when damaged in
                  | melee. [demonic ancestry]
  9896 | Lair:1   | Reached XP level 11. HP: 87/89 MP: 10/12
 10095 | Lair:1   | Received a gift from Okawaru
 11068 | Lair:2   | Noticed an eight-headed hydra
 11078 | Lair:2   | Killed an eight-headed hydra
 11245 | Lair:2   | Found a runed translucent gate.
 11245 | Lair:2   | Found a runed translucent gate.
 11245 | Lair:2   | Found a runed translucent gate.
 11245 | Lair:2   | Noticed Haraddelas's ghost (journeyman OpTm)
 11245 | Lair:2   | Noticed Zoobame's ghost (journeyman DEWz)
 11246 | Lair:2   | Noticed Haraddelas's ghost (journeyman OpTm)
 11531 | Lair:2   | Reached skill level 5 in Invocations
 12126 | Lair:2   | Received a gift from Okawaru
 12126 | Lair:2   | Reached skill level 10 in Fighting
 12133 | Lair:2   | Got an ichor-stained ring mail {god gift}
 12144 | Lair:2   | Identified the +2 ring mail of a bailey {rN++} (Okawaru
                  | gifted it to you on level 2 of the Lair of Beasts)
 12680 | Lair:3   | Found a transporter.
 12715 | Lair:3   | Identified the +6 spear of Disharmony {flame, rElec MR++
                  | Stlth+}
 12715 | Lair:3   | Noticed a spriggan rider
 12717 | Lair:3   | Noticed zkyp's ghost (journeyman DgAr)
 12718 | Lair:3   | Identified the +6 rapier of the Thoughtful Coins {speed,
                  | rF+ MR- Str+4 Dex+3}
 12718 | Lair:3   | Noticed a spriggan berserker
 12723 | Lair:3   | Found a bloodstained altar of Trog.
 12761 | Lair:3   | Noticed Urug
 12770 | Lair:3   | Noticed an oklob plant
 12785 | Lair:3   | Reached XP level 12. HP: 67/97 MP: 16/16
 12792 | Lair:3   | Killed Urug
 12792 | Lair:3   | Reached skill level 1 in Evocations
 12851 | Lair:3   | Found a transporter.
 13440 | Lair:4   | Found a staircase to the Swamp.
 13611 | Lair:4   | Found a hole to the Spider Nest.
 14449 | Lair:5   | Received a gift from Okawaru
 14584 | Lair:5   | Reached skill level 10 in Shields
 14622 | Lair:5   | Reached skill level 10 in Armour
 14635 | Lair:5   | Found a dark tunnel.
 14643 | Volcano  | Entered a volcano
 15458 | Volcano  | Reached ****** piety under Okawaru
 15763 | Lair:5   | Noticed Rupert
 15764 | Lair:5   | Paralysed by Rupert for 7 turns
 15788 | Lair:5   | Killed Rupert
 15788 | Lair:5   | Reached skill level 10 in Polearms
 16206 | Lair:5   | Noticed a six-headed hydra
 16215 | Lair:5   | Killed a six-headed hydra
 16291 | Lair:5   | Received a gift from Okawaru
 16291 | Lair:5   | Reached skill level 5 in Evocations
 16304 | Lair:5   | Gained mutation: You frequently emit foul miasma when
                  | damaged in melee. [demonic ancestry]
 16304 | Lair:5   | Reached XP level 13. HP: 85/103 MP: 17/17
 16335 | Lair:5   | Found a viscous altar of Jiyva.
 16335 | Lair:5   | Found a staircase to the Slime Pits.
 16652 | Lair:6   | Entered Level 6 of the Lair of Beasts
 16810 | Lair:6   | Noticed Kirke
 16837 | Lair:5   | Received a gift from Okawaru
 17374 | Lair:6   | Found the +6 shillelagh "Devastator" {shatter}
 17970 | Lair:5   | Killed Kirke
 17970 | Lair:5   | Reached skill level 11 in Fighting
 18236 | Lair:6   | Received a gift from Okawaru
 19000 | Lair:6   | Gained mutation: You have sharp fingernails. [demonic
                  | ancestry]
 19000 | Lair:6   | Reached XP level 14. HP: 113/113 MP: 18/18
 19914 | D:10     | Entered Level 10 of the Dungeon
 19967 | D:10     | Found a basalt altar of Yredelemnul.
 19974 | D:10     | Noticed Grum
 20091 | D:10     | Killed Grum
 20091 | D:10     | Received a gift from Okawaru
 20446 | D:11     | Found a portal to a secret trove of treasure.
 20514 | D:11     | Found a shimmering altar of Xom.
 21337 | D:12     | Found a staircase to the Orcish Mines.
 21654 | D:12     | Found Ukhiujot's Antique Armour Shop.
 22031 | D:12     | Reached skill level 12 in Fighting
 22041 | D:12     | Got a jewelled hand axe
 22042 | D:12     | Identified the +10 hand axe of Valuable Assets {venom, MP+9
                  | Dex+4} (You found it on level 12 of the Dungeon)
 22098 | D:12     | Received a gift from Okawaru
 22244 | D:12     | Found the +8 longbow "Zephyr" {speed, Dex+3 SInv}
 22989 | Orc:1    | Entered Level 1 of the Orcish Mines
 23356 | Orc:2    | Entered Level 2 of the Orcish Mines
 23356 | Orc:2    | Found a staircase to the Elven Halls.
 23530 | Orc:2    | Noticed an orc warlord
 23534 | Orc:2    | Received a gift from Okawaru
 23538 | Orc:2    | Paralysed by an orc sorcerer for 6 turns
 23559 | Orc:2    | Killed an orc warlord
 23634 | Orc:2    | Found a roughly hewn altar of Beogh.
 23641 | Orc:2    | Found Nawoudid's Antique Weapon Boutique.
 23693 | Orc:2    | Found a roughly hewn altar of Beogh.
 23704 | Orc:2    | Found a roughly hewn altar of Beogh.
 23721 | Orc:2    | Found a frozen archway.
 23730 | IceCv    | Entered an ice cave
 24186 | IceCv    | Reached XP level 15. HP: 122/122 MP: 19/19
 24216 | IceCv    | Found an ancient bone altar of Kikubaaqudgha.
 24394 | IceCv    | Identified the ring of Pacw {Ice rElec Str-4 Int+8}
 24601 | Orc:2    | Found a roughly hewn altar of Beogh.
 24726 | Orc:2    | Found a roughly hewn altar of Beogh.
 24730 | Orc:2    | Found Kahag's Antique Armour Shop.
 24753 | Orc:2    | Found a roughly hewn altar of Beogh.
 24852 | Orc:2    | Found Tihef's Antique Armour Boutique.
 24853 | Orc:2    | Found a roughly hewn altar of Beogh.
 24854 | Orc:2    | Found Qaam's Antique Weapon Shop.
 24897 | Orc:2    | Found a roughly hewn altar of Beogh.
 25093 | D:13     | Upgraded the game from 0.24.0-13-gcf9b3192b9 to
                  | 0.24.0-28-g17ded55e90
 25274 | D:13     | Reached skill level 1 in Axes
 25441 | D:13     | Noticed Azrael
 25461 | D:13     | Killed Azrael
 25461 | D:13     | Received a gift from Okawaru
 25472 | D:13     | Got a crude plate armour {god gift}
 25483 | D:13     | Identified the +0 plate armour of Okawaru's Regard {rF- rC-
                  | rCorr MP+9} (Okawaru gifted it to you on level 13 of the
                  | Dungeon)
 25732 | D:13     | Reached skill level 13 in Fighting
 26369 | D:13     | Got a transparent battleaxe
 26376 | D:13     | Identified the +5 battleaxe of Opeyrad {venom, rF++ rC+}
                  | (You found it on level 13 of the Dungeon)
 26442 | D:13     | Found the +7 lajatang of Order {silver, rMut}
 26964 | D:14     | Found a gate to the Vaults.
 27172 | Swamp:1  | Entered Level 1 of the Swamp
 27394 | Swamp:1  | Received a gift from Okawaru
 28339 | Swamp:2  | Received a gift from Okawaru
 28597 | Swamp:2  | Gained mutation: You have very sharp fingernails. [demonic
                  | ancestry]
 28597 | Swamp:2  | Reached XP level 16. HP: 106/132 MP: 20/20
 28697 | Swamp:2  | Found a runed translucent door.
 28697 | Swamp:2  | Noticed a tentacled monstrosity
 28714 | Swamp:2  | Killed a tentacled monstrosity
 28714 | Swamp:2  | Reached skill level 5 in Axes
 28722 | Swamp:2  | Identified the +8 spear "Heahabos" {pierce, +Inv rPois
                  | Dex+6}
 28751 | Swamp:2  | Noticed Flugslaktarn's ghost (journeyman DDFi)
 29776 | Swamp:3  | Reached skill level 14 in Fighting
 30038 | Swamp:3  | Received a gift from Okawaru
 30609 | Swamp:4  | Entered Level 4 of the Swamp
 30609 | Swamp:4  | Noticed a thorn hunter
 30707 | Swamp:4  | Killed a thorn hunter
 31067 | Swamp:4  | Received a gift from Okawaru
 31589 | Swamp:4  | Got a decaying rune of Zot
 31674 | Swamp:4  | Noticed a thorn hunter
 31691 | Swamp:4  | Killed a thorn hunter
 32180 | Swamp:4  | Gained mutation: You have hooves in place of feet. [demonic
                  | ancestry]
 32180 | Swamp:4  | Reached XP level 17. HP: 140/140 MP: 21/21
 32242 | Swamp:4  | Received a gift from Okawaru
 32247 | Swamp:4  | Got a brightly glowing hat {god gift}
 32265 | Swamp:4  | Identified the +0 hat of the Teacher {MR++ Str+9 Stlth-}
                  | (Okawaru gifted it to you on level 4 of the Swamp)
 32541 | Spider:1 | Entered Level 1 of the Spider Nest
 32565 | Spider:1 | Noticed Donald
 32583 | Spider:1 | Killed Donald
 32785 | Spider:1 | Identified the Collected Works on Creative Cold
 33065 | Spider:1 | Reached skill level 15 in Fighting
 33565 | Spider:2 | Received a gift from Okawaru
 34167 | Spider:2 | Noticed Aizul
 34477 | Spider:1 | Killed Aizul
 35271 | Spider:3 | Reached skill level 15 in Armour
 35333 | Spider:3 | Reached XP level 18. HP: 138/150 MP: 22/22
 35388 | Spider:3 | Reached skill level 15 in Shields
 35449 | Spider:3 | Received a gift from Okawaru
 35466 | Spider:3 | Got scorched quicksilver dragon scales {god gift}
 35477 | Spider:3 | Identified the quicksilver dragon scales "Rurotake" {MR+
                  | Str+4 Dex+3} (Okawaru gifted it to you on level 3 of the
                  | Spider Nest)
 35958 | Spider:4 | Entered Level 4 of the Spider Nest
 36117 | Spider:4 | Reached skill level 10 in Axes
 36134 | Spider:4 | Reached skill level 16 in Fighting
 36569 | Spider:4 | Received a gift from Okawaru
 37412 | Spider:4 | Got a gossamer rune of Zot
 37818 | Vaults:1 | Entered Level 1 of the Vaults
 37954 | Vaults:1 | Found Ywuc's Book Shop.
 37980 | Vaults:1 | Received a gift from Okawaru
 38240 | Vaults:1 | Found a runed translucent gate.
 38240 | Vaults:1 | Found a runed translucent gate.
 38240 | Vaults:1 | Found a runed translucent gate.
 38240 | Vaults:1 | Noticed Flugslaktarn's ghost (adept DDFi)
 38486 | Vaults:1 | Reached XP level 19. HP: 159/159 MP: 23/23
 38866 | Vaults:1 | Reached skill level 17 in Fighting
 38905 | Vaults:1 | Received a gift from Okawaru
 39640 | Vaults:2 | Noticed Asterion
 39660 | Vaults:2 | Killed Asterion
 40084 | Vaults:2 | Paralysed by a great orb of eyes for 6 turns
 40208 | Vaults:2 | Received a gift from Okawaru
 40211 | Vaults:2 | Identified the +3 plate armour of Yteilush {Regen+}
                  | (Okawaru gifted it to you on level 2 of the Vaults)
 41535 | Vaults:2 | Found a staircase to the Crypt.
 42101 | Vaults:3 | Reached skill level 18 in Fighting
 42146 | Vaults:3 | Noticed a Brimstone Fiend
 42299 | Vaults:3 | Noticed Jory
 42328 | Vaults:3 | Killed Jory
 42328 | Vaults:3 | Received a gift from Okawaru
 42328 | Vaults:3 | Gained mutation: You have a pair of large horns on your
                  | head. [demonic ancestry]
 42328 | Vaults:3 | Reached XP level 20. HP: 81/171 MP: 24/24
 42952 | Vaults:3 | Found Igargh's Book Shop.
 43948 | Vaults:4 | Noticed Margery
 43982 | Vaults:4 | Killed Margery
 43982 | Vaults:4 | Received a gift from Okawaru
 43982 | Vaults:4 | Reached skill level 19 in Fighting
 44157 | Vaults:4 | Found a radiant altar of Vehumet.
 44889 | Vaults:4 | Received a gift from Okawaru
 44894 | Vaults:4 | Got an agate-studded crystal plate armour {god gift}
 44905 | Vaults:4 | Identified the +1 crystal plate armour of the Komtur
                  | {+Blink rN+ Int+4 Dex-3} (Okawaru gifted it to you on level
                  | 4 of the Vaults)
 45142 | Vaults:4 | Reached XP level 21. HP: 140/182 MP: 25/25
 45283 | Vaults:5 | Entered Level 5 of the Vaults
 45536 | D:14     | Noticed Snorg
 45545 | D:14     | Killed Snorg
 45907 | D:15     | Entered Level 15 of the Dungeon
 46245 | D:15     | Found a staircase to the Depths.
 46774 | Depths:1 | Entered Level 1 of the Depths
 46774 | Depths:1 | Noticed Sojobo
 46794 | D:15     | Reached skill level 1 in Dodging
 47189 | D:15     | HP: 13/273 [air elemental/tornado[Sojobo] (3)]
 47190 | D:15     | HP: 5/273 [Sojobo/+0 great sword of electrocution (8)]
 47191 | D:15     | HP: 2/273 [air elemental/tornado[Sojobo] (3)]
 47191 | D:15     | Slain by an air elemental

Levels and vault maps discovered:
D:1:      evilmike_arrival_crescent, layout_basic
D:2:      layout_basic, lemuel_coloured_pillars_altar, old_standard_altar,
          uniq_robin, uniq_terence
D:3:      layout_basic, nicolae_overflow_crystal_walls,
          cheibrodos_sewer_entry_drain
D:4:      layout_loops_cross, lemuel_zombie_altar_yredelemnul
D:5:      layout_cave_pools, first_ration, kennysheep_donut,
          corexii_hall_statues_t
D:6:      layout_loops_corners, minmay_temple_entry_sparse_star,
          minmay_misc_feat_columns, sigmund_edmund_badplayer, uniq_duvessa,
          uniq_crazy_yiuf_cottage, uniq_eustachio
D:7:      layout_basic, nicolae_zen_rock_garden, the_bakery
D:8:      layout_basic, grunt_qazlal_sundering, kiku_gazebo_garden_becter,
          serial_shops, shop, kennysheep_little_box, lightli_minifort,
          uniq_prince_ribbit1, uniq_erica
D:9:      layout_basic, kennysheep_mini_moat, dpeg_oklobed_lair,
          minmay_chambers_of_fives
D:10:     layout_cross, basic_altar, uniq_grum
D:11:     layout_irregular_city, serial_column_ruins, column_ruins_hut_pillars,
          column_ruins_circle_medium, column_ruins_open_tiny,
          column_ruins_open_tiny, column_ruins_open_tiny,
          column_ruins_columns_corner, column_ruins_corridor_straight,
          column_ruins_columns_straight, nicolae_trove_entry_columns, tgw_xom
D:12:     minmay_the_grid_triangle_9x9_rhombus_full
          [minmay_the_grid_triangle_9x9_corrupted_corridor,
          minmay_the_grid_triangle_9x9_flanged_cone,
          minmay_the_grid_triangle_9x9_impossible_snake,
          minmay_the_grid_triangle_9x9_alien,
          minmay_the_grid_triangle_9x9_checkered,
          minmay_the_grid_triangle_9x9_zippers_horizontal,
          minmay_the_grid_triangle_9x9_corruption,
          minmay_the_grid_triangle_9x9_prize_top_heavy], layout_layer_cave,
          serial_shops, nicolae_shop_crystal
D:13:     layout_layer_cave, minmay_hollow_rounded_squares, uniq_azrael
D:14:     layout_gridville, ximxim_vaults_locker_room,
          minmay_misc_feat_enclosed, uniq_snorg
D:15:     gammafunk_depths_entry_grave, layout_loops_ring, minmay_misc_feat_chi,
          hangedman_cracks_in_the_wall
Temple:   minmay_freezing_vapour_temple
Lair:1:   layout_regular_city, gauntlet_entry_generic, grunt_megastairs_2
Lair:2:   layout_hall_layers, gammafunk_ghost_cemetery, minivault_25,
          disabler_island, serial_bayou_shore_b
Lair:3:   layout_long_grid, gammafunk_ghost_wrathful_warriors,
          minmay_lair_oklob_chamber, infiniplex_staircase_pool_2, uniq_urug
Lair:4:   layout_small_grid, swamp_mist_pool, spider_nest_entry_web_field
Lair:5:   layout_big_grid, dpeg_slime_entry_enclosed_altar,
          lightli_volcano_entry_magma_tube, grunt_megastairs_4,
          infiniplex_staircase_pool, uniq_rupert
Lair:6:   guppyfry_lair_end_dragon, layout_hall_layers,
          hangedman_lair_tendril_chambers, uniq_kirke
Swamp:1:  layout_falls_marsh, evilmike_swamp_ruin_rubble_1, swamp_pool4
Swamp:2:  layout_falls_marsh, ebering_ghost_funeral_grove,
          nicolae_swamp_round_clearing
Swamp:3:  layout_falls_marsh, evilmike_swamp_ruin_house_3
Swamp:4:  swamp_basic_johnstein, layout_basic_swamp, swamp_pool1
Spider:1: layout_spider_delve, uniq_donald
Spider:2: spider_temple_joshua, uniq_aizul
Spider:3: layout_spider_delve
Spider:4: floodkiller_spider_rune_tomb, drop_trap
Orc:1:    layout_diamond_mine
Orc:2:    grunt_orc_community_town_hall, layout_caves,
          grunt_orc_community_big_house_2, grunt_orc_community_big_house_2,
          grunt_orc_community_house_1, grunt_orc_community_house_3,
          grunt_orc_community_house_2, grunt_orc_community_house_1,
          grunt_orc_community_house_3, grunt_orc_community_house_1,
          portal_ice_cave_entry_ice_beasts
Vaults:1: gammafunk_vaults_ghost_spectres, nicolae_vaults_network_quinsquares
          [nicolae_vaults_network_quincunx_subvault,
          nicolae_vaults_network_quincunx_subvault,
          nicolae_vaults_network_quincunx_subvault,
          nicolae_vaults_network_quincunx_subvault], nicolae_vaults_asterisk,
          vaults_dpeg_cross, v_misc_19, st_smaller_cells, nicolae_vaults_big_ls,
          grunt_vaults_hallway_short, vaults_room_fours,
          hangedman_vaults_river_flow, nicolae_vaults_what_the_h,
          hangedman_vaults_nails, layout_vaults_omnibox, serial_shops, shop
Vaults:2: nicolae_vaults_branching_niches, minmay_crypt_entry_simple_round,
          ontoclasm_vaults_bender, v_pattern_1, vaults_mumra_lcd,
          vaults_room_grunt_arrival_checkpoint, nicolae_vaults_alarming,
          grunt_vaults_bifocal, layout_vaults_ring, uniq_asterion
Vaults:3: hangedman_vaults_capsules, v_rooms_4, vaults_dpeg_spiral,
          ontoclasm_vaults_eye, nicolae_vaults_asterisk,
          hangedman_vaults_slither, nicolae_vaults_display_case,
          nicolae_vaults_shelves_hall, dpeg_vaults_monster_box,
          layout_vaults_quadrants, serial_shops, nicolae_shop_trees, uniq_jory
Vaults:4: v_misc_15, grunt_vaults_hallway_short, v_misc_30,
          nicolae_vaults_network_barrier, hangedman_vaults_trim, v_misc_24,
          ontoclasm_vaults_fault, grunt_vaults_swirl, v_misc_23,
          grunt_tower_of_power, nicolae_vaults_network_periphery,
          vaults_room_grunt_arrival_ludios, serial_ice_m,
          nicolae_vaults_gold_heap, layout_vaults_big_cross, uniq_margery
Vaults:5: serial_shops, uniq_saint_roka
Depths:1: layout_roguey, hangedman_abyss_or_decor_lesser_grid,
          gammafunk_ghost_ooze, hellmouth_1, kennysheep_generic_room_16,
          minmay_shop_grove, uniq_sojobo

Skill      XL: |  1  2  3  4  5  6  7  8  9 10 11 12 13 14 15 16 17 18 19 20 21 |
---------------+----------------------------------------------------------------+-----
Polearms       | 2 3 4 5 6 8 9 10 11 12 | 12.5
Armour         | 3 4 5 7 8 9 10 11 12 13 14 15 16 17 18 | 18.9
Shields        | 3 4 5 6 7 8 9 10 11 12 13 14 15 | 15.0
Fighting       | 4 5 6 7 9 10 11 12 13 14 15 16 18 19 | 19.9
Invocations    | 1 5 6 |  6.1
Evocations     | 5 6 |  6.0
Axes           | 4 7 9 11 | 11.9
Dodging        | 1 |  1.0

Action                   |  1- 3 |  4- 6 |  7- 9 | 10-12 | 13-15 | 16-18 | 19-21 || total
-------------------------+-------+-------+-------+-------+-------+-------+-------++-------
Melee: Trident           |   108 |   295 |   552 |  1066 |   755 |       |       ||  2776
       Headbutt          |       |    44 |   101 |   249 |   587 |   458 |   354 ||  1793
       Kick              |       |       |    39 |       |       |   470 |   532 ||  1041
       Unarmed           |       |       |       |       |    11 |       |       ||    11
       Spear             |       |       |       |       |   422 |       |       ||   422
       Hand axe          |       |       |       |       |  1064 |   822 |    23 ||  1909
       Demon trident     |       |       |       |       |     2 |   939 |  1525 ||  2466
Throw: Dart              |       |     5 |     1 |    19 |       |       |       ||    25
Invok: Finesse           |       |       |       |       |       |       |     1 ||     1
 Abil: Evoke Blink       |       |       |       |       |       |       |     1 ||     1
Evoke: Phial of floods   |       |       |       |     1 |       |       |       ||     1
       Wand              |       |       |       |       |     9 |     5 |     3 ||    17
  Use: Scroll            |       |    10 |    10 |     4 |     8 |    11 |     9 ||    52
       Potion            |       |       |       |     7 |     4 |     2 |     8 ||    21
 Stab: Confused          |       |       |       |       |     4 |       |       ||     4
       Distracted        |       |       |       |       |     2 |       |     1 ||     3
       Held in net/web   |       |       |       |       |       |     2 |       ||     2
       Petrified         |       |       |       |       |       |       |     2 ||     2
  Eat: Chunk             |       |    11 |    14 |    17 |    36 |    28 |    25 ||   131
       Ration            |       |       |       |     3 |     2 |     2 |     1 ||     8
Armor: Scale mail        |    11 |       |       |       |       |       |       ||    11
       Chain mail        |    26 |   181 |   301 |   306 |       |       |       ||   814
       Plate armour      |       |       |       |   297 |  1237 |   460 |       ||  1994
       Skin              |       |       |       |       |     5 |       |       ||     5
       Crystal plate arm |       |       |       |       |       |   940 |   481 ||  1421
Dodge: Dodged            |    13 |    50 |    97 |   198 |   463 |   379 |   131 ||  1331
       Deflected         |       |       |       |       |       |     6 |    18 ||    24
Block: Shield            |    38 |   145 |   269 |   685 |  1653 |  1448 |   658 ||  4896
